 Seeded DCSS version 0.30-a0-269-gf0224bf7b6 (webtiles) character file.

Game seed: 1870463362658154954 (custom seed)

315 Iusername the Trooper (level 6, -4/56 HPs)
             Began as a Minotaur Fighter on Oct 14, 2022.
             Slain by an ogre
             ... wielding a +0 giant spiked club
              (27 damage)
             ... on level 5 of the Dungeon.
             The game lasted 00:03:22 (3416 turns).

Iusername the Trooper (Minotaur Fighter)            Turns: 3416, Time: 00:03:23

Health: -4/56      AC: 12    Str: 23    XL:     6   Next: 20%
Magic:  5/5        EV:  6    Int:  5    God:
Gold:   198        SH:  0    Dex:  9    Spells: 5/5 levels left

rFire   . . .      SeeInvis .    e - +5 lajatang (elec)
rCold   . . .      Faith    .    (shield currently unavailable)
rNeg    . . .      Spirit   .    m - +0 plate armour
rPois   .          Reflect  .    (helmet restricted)
rElec   .          Harm     .    (no cloak)
rCorr   .          Rampage  .    (no gloves)
Will    .....                    (no boots)
Stlth   ..........               (no amulet)
HPRegen 0.29/turn                (no ring)
MPRegen 0.09/turn                (no ring)

@: no status effects
A: horns 2, retaliatory headbutt
a: no special abilities


You were on level 5 of the Dungeon.
You visited 1 branch of the dungeon, and saw 5 of its levels.

You collected 198 gold pieces.

Inventory:

Hand Weapons
 a - a +0 war axe
 e - a +5 lajatang of electrocution (weapon)
Armour
 m - a +0 plate armour (worn)
Jewellery
 g - a ring of protection from fire
Wands
 c - a wand of polymorph (4)
 f - a wand of light (7)
Scrolls
 k - a scroll of amnesia {unknown}
 q - 3 scrolls of noise {unknown}
 t - a scroll of butterflies {unknown}
Potions
 b - a potion of ambrosia {unknown}
 d - a potion of might
 h - a potion of flight
 i - 2 potions of mutation
 j - a potion of haste
 l - a potion of attraction
 n - a potion of berserk rage
 o - a potion of resistance {unknown}
 p - 2 potions of cancellation {unknown}
 s - a potion of brilliance {unknown}


   Skills:
 + Level 5.3 Fighting
 + Level 4.4 Axes
 + Level 5.2 Armour
 + Level 5.2 Shields


You had 5 spell levels left.
You didn't know any spells.
Your spell library contained the following spells:

 Spells                   Type           Power      Damage    Failure   Level
 Sandblast                Erth           0%         2d4       100%        1
 Passwall                 Tmut/Erth      0%         N/A       100%        2
 Stone Arrow              Conj/Erth      0%         3d7       100%        3


Dungeon Overview and Level Annotations

Branches:
Dungeon (5/15)
 Temple: D:4-7

Altars:
Fedhas
Gozag
Makhleb
Xom
Yredelemnul
Zin

Shops:
D:1 *


Innate Abilities, Weirdness & Mutations

You have a pair of horns on your head.
You reflexively headbutt those who attack you in melee.


Message History

Done exploring.
No target in view!
Done exploring.
No target in view!
Done exploring.
Done exploring.
No target in view!
As you read the scroll of identify, it crumbles to dust.
l - a potion of attraction No target in view!
Done exploring.
Done exploring.
No target in view!
Done exploring.
No target in view!
You see here a +0 flail.
You see here a +0 spear.
There is a stone staircase leading down here.
You climb downwards.
The ogre shouts!
Found a stone staircase leading down.
There is a stone staircase leading up here.
An ogre is nearby!
You slash the ogre!
The ogre is heavily wounded.
The ogre hits you with a +0 giant spiked club!
An ogre is nearby!
You barely miss the ogre. You headbutt the ogre!
The ogre is severely wounded.
The ogre hits you with a +0 giant spiked club!!
You are too injured to fight recklessly!
An ogre is nearby!
An ogre is nearby!
You are too injured to fight recklessly!
An ogre is nearby!
You are too injured to fight recklessly!
You barely miss the ogre.
The ogre is severely wounded.
The ogre hits you with a +0 giant spiked club!!
You die...

.# .# .# ..
.# .# #
########.#..#
+....O@<....#
#####.##.##.#
#. ... ..
...>. ###
.##.## .# .#
.# . .# .


You could see an ogre.

Vanquished Creatures
  2 scorpions (D:4)
  An iguana (D:4)
  6 gnolls
  3 adders
  A dart slug (D:4)
  2 orcs
  14 ball pythons
  4 bats
  14 endoplasms
  A giant cockroach (D:2)
  7 goblins
  3 hobgoblins
  6 jackals
  2 quokkas (D:1)
  4 frilled lizards
  7 kobolds
  5 rats
82 creatures vanquished.

Notes
Turn   | Place    | Note
-------+----------+-------------------------------------------
     0 | D:1      | Iusername the Minotaur Fighter began the quest for the Orb.
     0 | D:1      | Reached XP level 1. HP: 19/19 MP: 0/0
   147 | D:1      | Found Waotetuti's General Store.
   187 | D:1      | Reached XP level 2. HP: 20/27 MP: 1/1
   810 | D:2      | Reached XP level 3. HP: 33/33 MP: 2/2
   984 | D:2      | Found a faded altar of an unknown god.
  1633 | D:2      | Identified a scroll of acquirement
  1633 | D:2      | Acquired a +5 lajatang of electrocution
  1954 | D:3      | Reached XP level 4. HP: 41/41 MP: 3/3
  2377 | D:3      | Found a burning altar of Makhleb.
  2379 | D:3      | Found a glowing silver altar of Zin.
  2379 | D:3      | Noticed an angel
  2380 | D:3      | Noticed a balrug
  2481 | D:4      | Identified the +3 leather armour "Rinoi" {*Slow Int+2
                  | Dex+3}
  2492 | D:4      | Found a shimmering altar of Xom.
  2494 | D:4      | Found a basalt altar of Yredelemnul.
  2523 | D:4      | Noticed a scorpion
  2535 | D:4      | Killed a scorpion
  2536 | D:4      | Reached XP level 5. HP: 15/47 MP: 4/4
  2705 | D:4      | Found an opulent altar of Gozag.
  2709 | D:4      | Found a blossoming altar of Fedhas.
  2832 | D:4      | Reached skill level 5 in Fighting
  2842 | D:4      | Reached skill level 5 in Armour
  2842 | D:4      | Reached skill level 5 in Shields
  2842 | D:4      | Reached XP level 6. HP: 56/56 MP: 5/5
  3412 | D:5      | Entered Level 5 of the Dungeon
  3416 | D:5      | Slain by an ogre

Illustrated notes

Levels and vault maps discovered:
D:1:      dpeg_arrival_stone_temple_mockup, layout_loops_ring, serial_shops,
          shop, minmay_split_cup_large
D:2:      layout_loops_corners, basic_ecumenical_altar, grunt_decor_resistance,
          minmay_tromino_mix6
D:3:      layout_rooms, grunt_temple_overflow_order_and_chaos_2
D:4:      layout_cave_pods, nicolae_overflow_hidden_temple
D:5:      layout_basic, minmay_temple_entry_waves, serial_shops, shop_statue,
          uniq_duvessa

Skill      XL: |  1  2  3  4  5 |
---------------+----------------+-----
Fighting       | 4 5 |  5.3
Shields        | 4 5 |  5.2
Armour         | 4 5 |  5.2
Axes           | 3 4 |  4.4

Action                   |  1- 3 |  4- 6 || total
-------------------------+-------+-------++-------
Melee: War axe           |   104 |       ||   104
       Headbutt          |    12 |     8 ||    20
       Lajatang          |     5 |    75 ||    80
  Use: Scroll            |     2 |     4 ||     6
       Potion            |       |     2 ||     2
Armor: Scale mail        |    56 |       ||    56
       Plate armour      |     2 |    75 ||    77
Dodge: Dodged            |    54 |    29 ||    83
Block: Buckler           |    24 |       ||    24

Table legend: (Time is in decaauts)
 A = Elapsed time spent in this place.
 B = Non-inter-level travel time spent in this place.
 C = Inter-level travel time spent in this place.
 D = Time resting spent in this place.
 E = Time spent auto-exploring this place.
 F = Levels seen in this place.
 G = Mean time per level.
                   A        B        C        D        E       F      G
               +--------+--------+--------+--------+--------+-----+--------+
         Total |   3487 |   3381 |    106 |    398 |   2445 |   5 |  697.4 |
       Dungeon |   3487 |   3381 |    106 |    398 |   2445 |   5 |  697.4 |
               +--------+--------+--------+--------+--------+-----+--------+

Top non-repeatable levels by time:
     D:2: 1222 daAuts
     D:4: 977 daAuts
     D:1: 734 daAuts
     D:3: 548 daAuts
     D:5: 4 daAuts
